 Dungeon Crawl Stone Soup version 0.30-a0-305-g026cb31310 (webtiles) character file.

Game seed: 5337261824665420179

56 pokeman the Magician (level 3, -4/20 HPs)
             Began as a Deep Elf Hedge Wizard on Oct 21, 2022.
             Slain by a worm (10 damage)
             ... on level 2 of the Dungeon.
             The game lasted 00:02:55 (1814 turns).

pokeman the Magician (Deep Elf Hedge Wizard)        Turns: 1814, Time: 00:02:56

Health: -4/20      AC:  3    Str:  7    XL:     3   Next: 71%
Magic:  3/11       EV: 11    Int: 20    God:
Gold:   80         SH:  0    Dex: 14    Spells: 4/12 levels left

rFire   . . .      SeeInvis .    a - +0 dagger
rCold   . . .      Faith    .    (no shield)
rNeg    . . .      Spirit   .    i - +0 leather armour
rPois   .          Reflect  .    c - +0 hat
rElec   .          Harm     .    (no cloak)
rCorr   .          Rampage  .    (no gloves)
Will    .....                    (no boots)
Stlth   ++........               (no amulet)
HPRegen 0.23/turn                (no ring)
MPRegen 0.12/turn                (no ring)

@: no status effects
A: no striking features
a: no special abilities


You were on level 2 of the Dungeon.
You visited 1 branch of the dungeon, and saw 2 of its levels.

You collected 80 gold pieces.

Inventory:

Hand Weapons
 a - a +0 dagger (weapon)
Armour
 c - a +0 hat (worn)
 i - a +0 leather armour (worn)
Scrolls
 b - 2 scrolls of identify {unknown}
 e - a scroll of amnesia {unknown}
 g - a scroll of immolation {unknown}
 h - 2 scrolls of fog {unknown}
 k - a scroll of summoning {unknown}
 l - a scroll of teleportation {unknown}
Potions
 d - a potion of magic
 f - a potion of experience {unknown}
 j - a potion of haste {unknown}


   Skills:
 - Level 1.0 Fighting
 + Level 1.0 Armour
 + Level 2.4 Dodging
 - Level 2.4 Stealth
 * Level 5.4 Spellcasting
 + Level 2.0 Conjurations
 - Level 1.1 Summonings
 - Level 1.1 Translocations


You had 4 spell levels left.
You knew the following spells:

 Your Spells              Type           Power      Damage    Failure   Level
a - Magic Dart            Conj           52%        1d5       7%          1
b - Mephitic Cloud        Conj/Pois/Air  8%         N/A       36%         3
c - Call Imp              Summ           9%         N/A       16%         2
d - Blink                 Tloc           18%        N/A       16%         2

Your spell library contained the following spells:

 Spells                   Type           Power      Damage    Failure   Level
 Slow                     Hex            20%        N/A       16%         1
 Cigotuvi's Dreadful Rot  Necr/Pois/Air  10%        N/A       24%         2


Dungeon Overview and Level Annotations

Branches:
Dungeon (2/15)

Altars:

Shops:
D:1 :

Annotations:
D:2 Terence


Message History

The worm is almost dead.
The worm closely misses you. The worm closely misses you.
You start resting.
A worm is nearby!
Casting: Magic Dart (safe; 7% risk of failure)
Confirm with . or Enter, or press ? or * to list all spells.
The spell is astonishingly dangerous to miscast (36% risk of failure)!
Continue anyway?
Aiming: Mephitic Cloud (astonishingly dangerous; 36% risk of failure)
Press: ? - help, Shift-Dir - straight line, f/p - worm
Aim: a worm (chance to affect: 81%)
The ball explodes into a vile cloud!
The stinking cloud engulfs the worm but does no damage.
The worm is engulfed in noxious fumes.
The worm appears confused.
Unknown command.
Unknown command.
You hit the worm.
The worm is lightly wounded.
The worm is engulfed in noxious fumes.
The worm appears confused.
The worm bites you!
You strike the helpless worm from behind!
You puncture the worm!
The worm is heavily wounded.
The worm bites you but does no damage.
You hit the worm but do no damage.
The worm is heavily wounded.
You completely miss the worm.
The worm is heavily wounded.
You catch the helpless worm completely off-guard!
You puncture the worm!
The worm is severely wounded.
You hit the worm.
The worm is almost dead.
The worm bites you.
* * * LOW HITPOINT WARNING * * *
You hit the worm but do no damage.
The worm is almost dead.
The worm bites you!
Ouch! That really hurt!
You die...

###########
#.........#
#.#######.# #.# #†#
########.# #.#
#.w@...#.# #.#
#.####.#.# #.# #.#
#.#.# #.### ##.##
#.#.#######....
##...###..............
#...........##########
#....####.).... #.#.##
##.####.# #...# #..


You could see a worm (confused).

Vanquished Creatures
  An adder (D:2)
  A worm (D:2)
  4 dart slugs
  4 endoplasms
  A giant cockroach (D:1)
  2 goblins
  5 hobgoblins
  3 quokkas
  5 ball pythons
  2 bats (D:1)
  4 frilled lizards (D:1)
  3 kobolds
  3 rats
38 creatures vanquished.

Notes
Turn   | Place    | Note
-------+----------+-------------------------------------------
     0 | D:1      | pokeman the Deep Elf Hedge Wizard began the quest for the
                  | Orb.
     0 | D:1      | Reached XP level 1. HP: 10/10 MP: 7/7
   287 | D:1      | Reached XP level 2. HP: 16/16 MP: 5/9
   350 | D:1      | Found Aqokkunn's Book Emporium.
   767 | D:1      | Reached skill level 5 in Spellcasting
   955 | D:1      | Reached XP level 3. HP: 20/20 MP: 9/11
   959 | D:1      | Learned a level 3 spell: Mephitic Cloud
   962 | D:1      | Learned a level 2 spell: Call Imp
   965 | D:1      | Learned a level 2 spell: Blink
  1392 | D:2      | Noticed Terence
  1571 | D:2      | Reached skill level 1 in Fighting
  1625 | D:2      | Reached skill level 1 in Armour
  1814 | D:2      | Slain by a worm

Illustrated notes

Levels and vault maps discovered:
D:1:      lemuel_arrival_broad_hall, layout_loops_ring, serial_shops,
          nicolae_shop_stone
D:2:      kennysheep_the_goblin_king, layout_loops_ring, uniq_sigmund,
          uniq_terence, uniq_robin

Skill      XL: |  1  2  3 |
---------------+----------+-----
Spellcasting   | 5 |  5.4
Fighting       | 1 |  1.0
Armour         | 1 |  1.0
Conjurations   | 2 |  2.0
Dodging        | |  2.4
Stealth        | |  2.4
Summonings     | |  1.1
Translocations | |  1.1

Action                   || total
-------------------------++-------
Melee: Dagger            ||    26
 Cast: Magic Dart        ||   112
       Mephitic Cloud    ||     1
 Stab: Confused          ||     2
       Sleeping          ||     1
Armor: Robe              ||     2
       Leather armour    ||     2
Dodge: Dodged            ||    16

Table legend: (Time is in decaauts)
 A = Elapsed time spent in this place.
 B = Non-inter-level travel time spent in this place.
 C = Inter-level travel time spent in this place.
 D = Time resting spent in this place.
 E = Time spent auto-exploring this place.
 F = Levels seen in this place.
 G = Mean time per level.
                   A        B        C        D        E       F      G
               +--------+--------+--------+--------+--------+-----+--------+
         Total |   1813 |   1779 |     34 |     48 |   1370 |   2 |  906.5 |
       Dungeon |   1813 |   1779 |     34 |     48 |   1370 |   2 |  906.5 |
               +--------+--------+--------+--------+--------+-----+--------+

Top non-repeatable levels by time:
     D:1: 1369 daAuts
     D:2: 444 daAuts
